 Dungeon Crawl Stone Soup version 0.29-a0-1023-g6ae1a4a2c7 (webtiles) character file.

Game seed: 17028849963437341848

45 Murgurak the Grave Robber (level 3, -2/24 HPs)
             Began as a Demonspawn Necromancer on Aug 11, 2022.
             Killed by nerve-wracking pain
             ... invoked by Jessica
              (5 damage)
             ... on level 2 of the Dungeon.
             The game lasted 00:15:47 (1356 turns).

Murgurak the Grave Robber (Demonspawn Necromancer)  Turns: 1356, Time: 00:15:47

Health: -2/24      AC:  5    Str:  8    XL:     3   Next: 42%
Magic:  0/6        EV: 11    Int: 18    God:
Gold:   77         SH:  0    Dex: 13    Spells: 5/6 levels left

rFire   . . .      SeeInvis .   e - +0 short sword (freeze)
rCold   . . .      Faith    .   (no shield)
rNeg    . . .      Spirit   +   i - +0 leather armour
rPois   .          Reflect  .   (no helmet)
rElec   .          Harm     .   (no cloak)
rCorr   .          Rampage  .   (no gloves)
Will    .....                   (no boots)
Stlth   ++........              m - amulet of guardian spirit
HPRegen 0.08/turn               (no ring)
MPRegen 0.10/turn               (no ring)

@: weak-willed, slowed, very slow
A: icy blue scales 1
a: no special abilities


You were on level 2 of the Dungeon.
You visited 1 branch of the dungeon, and saw 2 of its levels.

You collected 77 gold pieces.

Inventory:

Hand Weapons
 e - a +0 short sword of freezing (weapon)
 l - a +0 whip
Missiles
 d - 33 stones
Armour
 a - a +0 robe
 i - a +0 leather armour (worn)
Jewellery
 m - an amulet of guardian spirit (around neck)
Scrolls
 h - a scroll of brand weapon {unknown}
 j - a scroll of poison {unknown}
 o - a scroll of identify {unknown}
 q - a scroll of magic mapping {unknown}
 r - a scroll of enchant weapon {unknown}
Potions
 b - a potion of magic
 c - a potion of resistance {unknown}
 f - a potion of attraction {unknown}
 k - a potion of flight {unknown}
 n - a potion of berserk rage {unknown}
 p - a potion of heal wounds {unknown}


   Skills:
 + Level 2.1 Dodging
 + Level 1.8 Stealth
 + Level 2.4 Spellcasting
 + Level 5.2 Necromancy


You had 5 spell levels left.
You knew the following spells:

 Your Spells              Type           Power      Damage    Failure   Level
a - Necrotise             Necr           84%        1d8       3%          1

Your spell library contained the following spells:

 Spells                   Type           Power      Damage    Failure   Level
 Vampiric Draining        Necr           21%        2d7       9%          3
 Animate Dead             Necr           21%        N/A       28%         4
 Poisonous Vapours        Pois/Air       4%         N/A       36%         2
 Gell's Gravitas          Tloc           2%         N/A       58%         3
 Lesser Beckoning         Tloc           2%         N/A       58%         3
 Teleport Other           Tloc           2%         N/A       58%         3
 Agony                    Necr           21%        N/A       63%         5
 Corpse Rot               Necr/Pois/Air  8%         N/A       77%         4


Dungeon Overview and Level Annotations

Branches:
Dungeon (2/15)

Altars:

Annotations:
D:2 Jessica


Innate Abilities, Weirdness & Mutations

You are partially covered in icy blue scales. (AC +2)


Message History

You are frozen.
The jackal misses you. The jackal barely misses you.
The jackal attacks as you move away!
The jackal bites you but does no damage.
The jackal barely misses you.
The jackal bites you but does no damage.
The jackal attacks as you move away! The jackal closely misses you.
Jessica looks very angry.
The jackal bites you. x2; The endoplasm barely misses you.
The jackal attacks as you move away!
The jackal bites you but does no damage.
Your kobold skeleton crumbles into dust!
Jessica casts a spell at you.
You feel as though you will be slow longer.
The jackal misses you. The jackal barely misses you.
Jessica attacks as you move away! Jessica barely misses you.
The endoplasm attacks as you move away! The endoplasm hits you.
The jackal bites you but does no damage.
The jackal barely misses you.
The jackal bites you but does no damage.
Jessica hits you with a +4 club.
* * * LOW HITPOINT WARNING * * *
The hobgoblin misses you.
Aiming: Necrotise (safe; 3% risk of failure)
Press: ? - help, Q - select action, (/) - cycle Shift-Dir - straight line, f/p - hobgoblin
Aim: a hobgoblin (heavily wounded, chance to affect: 90%)
The hobgoblin writhes in agony.
Jessica points at you and mumbles some strange words.
You feel as though you will be slow longer.
The jackal barely misses you.
The jackal bites you but does no damage.
The hobgoblin barely misses you. The jackal barely misses you.
Jessica hits you with a +4 club.
* * * LOW HITPOINT WARNING * * *
The jackal closely misses you.
As you read the scroll labelled KEMNETEBUA, it crumbles to dust.
Magic quickly surges around you.
It was a scroll of vulnerability.
Jessica shouts, "I don't like beings like you!"
Jessica casts a spell at you. Pain shoots through your body!
You die...

#...........##....# #.....#....
##...).......##...# #.....#....
.....).[........#######.....#....
............................#....
.....####...................#....
.....####...................#....
................J...........#....
...............hh@.......####....
...............g@........####....
.................................
..............................
..............................
..............................
..............................
..........#....####...........
.....................>...<....
...................#..........


You could see Jessica (fast, weak-willed), an endoplasm (weak-willed), 2 jackals
and a hobgoblin (weak-willed).

Vanquished Creatures
  A dart slug (D:1)
  2 ball pythons (D:1)
  5 endoplasms
  2 giant cockroaches
  A goblin (D:1)
  2 jackals (D:2)
  4 quokkas
  2 bats
  4 frilled lizards
  5 kobolds
  5 rats (D:1)
33 creatures vanquished.

Vanquished Creatures (collateral kills)
  A dart slug (D:2)
  An endoplasm (D:1)
  A giant cockroach (D:1)
  A quokka (D:1)
4 creatures vanquished.

Grand Total: 37 creatures vanquished

Notes
Turn   | Place    | Note
-------+----------+-------------------------------------------
     0 | D:1      | Murgurak the Demonspawn Necromancer began the quest for the
                  | Orb.
     0 | D:1      | Reached XP level 1. HP: 13/13 MP: 3/3
   305 | D:1      | Gained mutation: You are partially covered in icy blue
                  | scales. (AC +2) [demonic ancestry]
   305 | D:1      | Reached XP level 2. HP: 17/19 MP: 3/5
   536 | D:1      | Reached skill level 5 in Necromancy
   929 | D:1      | Reached XP level 3. HP: 24/24 MP: 3/6
  1334 | D:2      | Noticed Jessica
  1356 | D:2      | Killed from afar by Jessica

Illustrated notes

Levels and vault maps discovered:
D:1:      lemuel_arrival_hallway, layout_basic, palyth_stone_intersect
D:2:      wander_river, layout_basic, basic_ecumenical_altar, nrook_mini_vaults,
          uniq_crazy_yiuf_cottage, uniq_jessica

Skill      XL: |  1  2 |
---------------+-------+-----
Necromancy     | 5 |  5.2
Dodging        | 2 |  2.1
Stealth        | |  1.8
Spellcasting   | |  2.4

Action                   || total
-------------------------++-------
Melee: Unarmed           ||     9
       Short sword       ||    13
 Cast: Necrotise         ||    52
  Use: Scroll            ||     1
Armor: Robe              ||    16
       Leather armour    ||    19
Dodge: Dodged            ||    86

Table legend: (Time is in decaauts)
 A = Elapsed time spent in this place.
 B = Non-inter-level travel time spent in this place.
 C = Inter-level travel time spent in this place.
 D = Time resting spent in this place.
 E = Time spent auto-exploring this place.
 F = Levels seen in this place.
 G = Mean time per level.
                   A        B        C        D        E       F      G
               +--------+--------+--------+--------+--------+-----+--------+
         Total |   1366 |   1366 |      0 |    185 |    310 |   2 |  683.0 |
       Dungeon |   1366 |   1366 |      0 |    185 |    310 |   2 |  683.0 |
               +--------+--------+--------+--------+--------+-----+--------+

Top non-repeatable levels by time:
     D:1: 1068 daAuts
     D:2: 297 daAuts
